 Dungeon Crawl Stone Soup version 0.29-a0-483-g69413ace17 (webtiles) character file.

Game seed: 17485874606082361703

42 oldark the Skirmisher (level 3, -1/40 HPs)
             Began as an Ogre Berserker on May 25, 2022.
             Was a Believer of Trog.
             Succumbed to an adder's poison
             ... on level 2 of the Dungeon.
             The game lasted 00:02:50 (1423 turns).

oldark the Skirmisher (Ogre Berserker)              Turns: 1423, Time: 00:02:51

Health: -1/40      AC:  3    Str: 23    XL:     3   Next: 54%
Magic:  3/3        EV: 10    Int:  8    God:    Trog [**....]
Gold:   25         SH:  5    Dex:  8    Spells: 2/2 levels left

rFire   + + .      SeeInvis .   a - +0 mace
rCold   + . .      Faith    .   (no shield)
rNeg    . . .      Spirit   .   j - +0 robe
rPois   +          Reflect  +   (helmet restricted)
rElec   +          Harm     .   (no cloak)
rCorr   +          Rampage  .   (gloves unavailable)
Will    .....                   (boots unavailable)
Stlth   +.........              b - amulet of reflection
HPRegen 0.13/turn               d - ring of protection from fire
MPRegen 0.08/turn               (no ring)

@: lethally poisoned (-1 -> -3), resistant, on berserk cooldown, slowed, very
slow
A: large, unfitting armour, tough skin 1
a: Renounce Religion, Berserk, Trog's Hand


You were on level 2 of the Dungeon.
You worshipped Trog.
Trog was pleased with you.
You visited 1 branch of the dungeon, and saw 2 of its levels.

You collected 25 gold pieces.

Inventory:

Hand Weapons
 a - a +0 mace (weapon)
Armour
 j - a +0 robe (worn)
Jewellery
 b - an amulet of reflection (around neck)
 d - a ring of protection from fire (left hand)
 p - an amulet of regeneration
Scrolls
 c - 4 scrolls of identify {unknown}
 f - 2 scrolls of fear {unknown}
 k - a scroll of amnesia {unknown}
 l - 2 scrolls of teleportation {unknown}
 m - a scroll of fog {unknown}
 n - a scroll of blinking {unknown}
 o - a scroll of noise {unknown}
Potions
 g - a potion of berserk rage
 h - a potion of cancellation {unknown}
 i - a potion of curing {unknown}


   Skills:
 + Level 4.4 Fighting
 * Level 3.8 Maces & Flails
 - Level 2.6 Dodging
 + Level 0.1 Stealth


You had 2 spell levels left.
You didn't know any spells.
Your spell library was empty.

Dungeon Overview and Level Annotations

Branches:
Dungeon (2/15)

Altars:


Innate Abilities, Weirdness & Mutations

You are too large for most types of armour.
You have tough skin. (AC +1)


Message History

It was a potion of berserk rage.
A red film seems to cover your vision as you go berserk!
You feel yourself moving faster!
You feel mighty!
You feel sick. You block the adder's attack. The adder barely misses you.
You barely miss the adder.
The adder is severely wounded.
You feel sick. The adder barely misses you.
You miss the adder.
The adder is severely wounded.
You feel sick. The adder bites you but does no damage.
You barely miss the adder.
The adder is severely wounded.
You feel sick. You block the adder's attack.
You closely miss the adder.
The adder is severely wounded.
You feel sick. The adder bites you.
* * * LOW HITPOINT WARNING * * *
You are lethally poisoned!
The adder poisons you!
You miss the adder.
The adder is severely wounded.
* * * LOW HITPOINT WARNING * * *
You feel sick. The adder bites you but does no damage.
You sock the adder!
You kill the adder!
Trog accepts your kill.
* * * LOW HITPOINT WARNING * * *
You feel sick.
You are too berserk!
* * * LOW HITPOINT WARNING * * *
You feel sick.
You feel a strong urge to attack something.
You are no longer berserk.
You are exhausted.
You feel yourself slow down.
* * * LOW HITPOINT WARNING * * *
You feel sick.
It was a potion of resistance.
You feel protected.
You die...

............ ########.... .
##################.... ..
#..................... ...
#..................#..
....##..................#..
........................#..
........................#..
..........@................
##..........†.†............
##+##.................##.#
#....................+...
####.................##.#
#........###.....#....
#........# #.....#.#.#
########## #.....#.#.#
#.....#†#.#


There were no monsters in sight!

Vanquished Creatures
  An adder (D:2)
  3 bats (D:1)
  7 endoplasms
  A giant cockroach (D:1)
  2 hobgoblins (D:1)
  2 quokkas
  6 ball pythons
  2 frilled lizards (D:1)
  2 goblins (D:1)
  A kobold (D:1)
  2 rats
29 creatures vanquished.

Notes
Turn   | Place    | Note
-------+----------+-------------------------------------------
     0 | D:1      | oldark the Ogre Berserker began the quest for the Orb.
     0 | D:1      | Reached XP level 1. HP: 24/24 MP: 1/1
   230 | D:1      | Reached XP level 2. HP: 30/32 MP: 2/2
   653 | D:1      | Reached XP level 3. HP: 32/40 MP: 3/3
   812 | D:1      | Reached ** piety under Trog
  1419 | D:2      | HP: 3/60 [poisoned by an adder]
  1422 | D:2      | HP: 1/40 [poisoned by an adder]
  1423 | D:2      | Succumbed to an adder's poison

Illustrated notes

Levels and vault maps discovered:
D:1:      dpeg_arrival_rooms_with_view, layout_loops_ring,
          dreamdust_princess_bridge, chequers_serial_rivers_micro_b,
          chequers_garden
D:2:      layout_basic, glass_columns_a

Skill      XL: |  1 |
---------------+----+-----
Maces & Flails | 3 |  3.8
Fighting       | |  4.4
Dodging        | |  2.6
Stealth        | |  0.1

Action                   || total
-------------------------++-------
Melee: Mace              ||    96
       Punch             ||     4
  Use: Potion            ||     2
 Stab: Sleeping          ||     2
Armor: Animal skin       ||    24
       Robe              ||     4
Dodge: Dodged            ||    56
Block: Other             ||     4

Table legend: (Time is in decaauts)
 A = Elapsed time spent in this place.
 B = Non-inter-level travel time spent in this place.
 C = Inter-level travel time spent in this place.
 D = Time resting spent in this place.
 E = Time spent auto-exploring this place.
 F = Levels seen in this place.
 G = Mean time per level.
                   A        B        C        D        E       F      G
               +--------+--------+--------+--------+--------+-----+--------+
         Total |   1442 |   1438 |      4 |    147 |   1038 |   2 |  721.0 |
       Dungeon |   1442 |   1438 |      4 |    147 |   1038 |   2 |  721.0 |
               +--------+--------+--------+--------+--------+-----+--------+

Top non-repeatable levels by time:
     D:1: 1212 daAuts
     D:2: 230 daAuts
